 Dungeon Crawl Stone Soup version 0.30-a0-6-g7c9e10e132 (webtiles) character file.

Game seed: 3433017119398366520

46 SensoryNuts the Trooper (level 3, -1/40 HPs)
             Began as an Ogre Fighter on Aug 22, 2022.
             Slain by an adder (3 damage)
             ... on level 2 of the Dungeon.
             The game lasted 00:00:58 (1788 turns).

SensoryNuts the Trooper (Ogre Fighter)              Turns: 1788, Time: 00:01:00

Health: -1/40      AC:  3    Str: 22    XL:     3   Next: 66%
Magic:  3/3        EV:  8    Int:  9    God:
Gold:   51         SH:  7    Dex:  8    Spells: 2/2 levels left

rFire   . . .      SeeInvis .    a - +0 war axe
rCold   . . .      Faith    .    c - +0 kite shield
rNeg    . . .      Spirit   .    b - +0 robe
rPois   .          Reflect  .    (helmet restricted)
rElec   .          Harm     .    (no cloak)
rCorr   .          Rampage  .    (gloves unavailable)
Will    .....                    (boots unavailable)
Stlth   +.........               (no amulet)
HPRegen 0.13/turn                (no ring)
MPRegen 0.08/turn                (no ring)

@: lethally poisoned (-1 -> -2)
A: large, unfitting armour, tough skin 1
a: no special abilities


You were on level 2 of the Dungeon.
You visited 1 branch of the dungeon, and saw 2 of its levels.

You collected 51 gold pieces.

Inventory:

Hand Weapons
 a - a +0 war axe (weapon)
Armour
 b - a +0 robe (worn)
 c - a +0 kite shield (worn)
Jewellery
 e - a +4 ring of evasion
 k - a +4 ring of evasion
Scrolls
 f - a scroll of summoning {unknown}
 g - a scroll of enchant weapon {unknown}
 l - a scroll of blinking {unknown}
Potions
 d - a potion of might
 h - a potion of resistance {unknown}
 i - a potion of brilliance {unknown}
 j - a potion of curing


   Skills:
 + Level 4.4 Fighting
 * Level 2.7 Axes
 + Level 3.0 Dodging
 + Level 0.3 Stealth
 + Level 3.3 Shields


You had 2 spell levels left.
You didn't know any spells.
Your spell library was empty.

Dungeon Overview and Level Annotations

Branches:
Dungeon (2/15)

Altars:


Innate Abilities, Weirdness & Mutations

You are too large for most types of armour.
You have tough skin. (AC +1)


Message History

* * * LOW HITPOINT WARNING * * *
You are poisoned.
The adder poisons you!
You closely miss the adder.
The adder is heavily wounded.
You feel sick. The adder bites you.
* * * LOW HITPOINT WARNING * * *
The adder bites you.
* * * LOW HITPOINT WARNING * * *
You are lethally poisoned!
The adder poisons you!
It was a potion of curing.
You feel better. The adder closely misses you. The adder bites you.
The adder attacks as you move away! The adder bites you.
You are poisoned.
The adder poisons you!
You feel sick. You block the adder's attack.
You feel sick.
You closely miss the adder.
The adder is heavily wounded.
You feel sick.
You are no longer poisoned.
The adder closely misses you. The adder barely misses you.
You closely miss the adder.
The adder is heavily wounded.
The adder bites you.
* * * LOW HITPOINT WARNING * * *
You are poisoned.
The adder poisons you! The adder closely misses you.
You miss the adder.
The adder is heavily wounded.
You feel sick. The adder bites you.
* * * LOW HITPOINT WARNING * * *
The adder closely misses you.
You barely miss the adder.
The adder is heavily wounded.
* * * LOW HITPOINT WARNING * * *
You feel sick. The adder bites you.
* * * LOW HITPOINT WARNING * * *
The adder bites you.
You die...

###.......##
##.....>...# #.
###.......## #.
##.....## #. # ##.....##
#. .# ##.......##
##.##### #.#
#.........####......##..
+.........+.............
#.........# #...@.#..#
##....†..## #.#.#S#..#
##><...## #.#.#....#
##...## #.#.##...# ##+##
#.#......#
#.#######........#
#.##........##.###
##.##.######.##.# #
##...#.# #.##.#


You could see an adder.

Vanquished Creatures
  An adder (D:2)
  4 ball pythons
  4 bats
  4 endoplasms
  4 goblins
  3 hobgoblins (D:1)
  4 jackals (D:1)
  4 kobolds
  2 frilled lizards
  2 rats
32 creatures vanquished.

Notes
Turn   | Place    | Note
-------+----------+-------------------------------------------
     0 | D:1      | SensoryNuts the Ogre Fighter began the quest for the Orb.
     0 | D:1      | Reached XP level 1. HP: 24/24 MP: 1/1
     4 | D:1      | Noticed an electric eel
     5 | D:1      | Noticed an electric eel
   199 | D:1      | Reached XP level 2. HP: 32/32 MP: 2/2
   359 | D:1      | Found a faded altar of an unknown god.
   902 | D:1      | Reached XP level 3. HP: 36/40 MP: 3/3
  1788 | D:2      | HP: 2/40 [adder (1)]
  1788 | D:2      | Slain by an adder

Illustrated notes

Levels and vault maps discovered:
D:1:      arrival_aquarium_b, layout_loops_ring,
          chequers_ecumenical_altar_simple_redux, chequers_jeans
D:2:      minmay_skewed_foursquare, layout_loops_corners, minmay_hexomino_u4

Skill      XL: |  1  2 |
---------------+-------+-----
Dodging        | 3 |  3.0
Fighting       | |  4.4
Axes           | |  2.7
Stealth        | |  0.3
Shields        | |  3.3

Action                   || total
-------------------------++-------
Melee: War axe           ||   125
  Use: Potion            ||     1
 Stab: Sleeping          ||     1
Armor: Robe              ||    45
Dodge: Dodged            ||    58
Block: Kite shield       ||    63

Table legend: (Time is in decaauts)
 A = Elapsed time spent in this place.
 B = Non-inter-level travel time spent in this place.
 C = Inter-level travel time spent in this place.
 D = Time resting spent in this place.
 E = Time spent auto-exploring this place.
 F = Levels seen in this place.
 G = Mean time per level.
                   A        B        C        D        E       F      G
               +--------+--------+--------+--------+--------+-----+--------+
         Total |   1850 |   1817 |     33 |      0 |   1509 |   2 |  925.0 |
       Dungeon |   1850 |   1817 |     33 |      0 |   1509 |   2 |  925.0 |
               +--------+--------+--------+--------+--------+-----+--------+

Top non-repeatable levels by time:
     D:1: 1365 daAuts
     D:2: 485 daAuts
